Map: Jagannatha LE

Players

ExpecT - Winner!

  • Race: Terran Terran

Lemon

  • Race: Terran Terran

VOD

Have the link to the VOD?

Description

Time

  • Played on: Sept. 29, 2021, 8:29 a.m.
  • Length: 12:17
Show
View Real Time Build Order
Export as new Build Order

ExpecT Terran - Winner!

Build Orders:  

Get SALT Encoding   

  12  0:00  SCV  
  13  0:12  SCV  
  14  0:17  Supply Depot  
  14  0:24  SCV  
  15  0:38  SCV  
  15  0:39  Barracks  
  16  0:43  Refinery  
  16  0:51  SCV  
  16  0:53  Refinery  
  17  1:03  SCV  
  18  1:15  SCV  
  19  1:27  Reaper  
  19  1:28  Orbital Command  
  19  1:31  Supply Depot  
  20  1:44  Factory  
  20  1:53  SCV  
  21  1:59  Reaper  
  22  2:05  SCV  
  23  2:17  SCV  
  26  2:30  Hellion  
  26  2:35  Command Center, Reaper  
  27  2:38  SCV  
  28  2:48  Supply Depot  
  28  2:51  SCV  
  29  2:53  Hellion  
  31  3:06  Starport  
  31  3:10  Barracks Reactor, SCV  
  32  3:16  Factory Tech Lab  
  32  3:22  SCV  
  33  3:34  SCV  
  33  3:37  Refinery  
  34  3:42  Starport Tech Lab  
  34  3:44  Cyclone  
  34  3:46  SCV  
  38  3:48  Marine x2  
  38  3:50  Orbital Command  
  40  3:58  SCV  
  40  4:00  Raven  
  43  4:06  Marine x2  
  45  4:11  SCV  
  45  4:16  Siege Tank  
  49  4:19  SCV  
  49  4:20  Supply Depot  
  49  4:23  SCV  
  51  4:25  Supply Depot  
  51  4:27  Marine x2  
  53  4:33  SCV  
  54  4:42  SCV  
  53  4:46  Raven  
  53  4:47  Marine x2  
  53  4:48  SCV  
  53  4:51  Supply Depot  
  58  4:54  SCV  
  58  4:56  Siege Tank  
  62  5:01  SCV  
  62  5:05  Marine x2  
  62  5:06  SCV  
  64  5:17  SCV  
  64  5:18  SCV, Command Center  
  66  5:26  Supply Depot  
  66  5:29  SCV  
  66  5:31  Siege Tank  
  66  5:34  SCV  
  71  5:38  Viking x2  
  75  5:44  Supply Depot, SCV  
  76  5:50  Supply Depot  
  76  5:51  Stimpack, Marine  
  76  5:52  Refinery  
  77  5:58  SCV x2  
  79  6:08  Barracks  
  79  6:09  Siege Tank, Marine, Barracks  
  83  6:13  SCV  
  83  6:14  SCV  
  85  6:21  Viking  
  85  6:22  Viking  
  89  6:25  SCV  
  89  6:32  Engineering Bay  
  91  6:34  Engineering Bay  
  90  6:43  Siege Tank, Marine  
  80  6:56  Barracks Reactor x2  
  80  6:57  Viking  
  80  6:59  SCV  
  83  7:04  Viking  
  83  7:05  SCV  
  83  7:07  Orbital Command  
  83  7:16  Marine  
  83  7:19  Siege Tank  
  83  7:21  SCV x2  
  76  7:28  Barracks  
  76  7:29  Barracks  
  76  7:33  SCV x2, Marine  
  79  7:39  Marine  
  79  7:40  SCV  
  79  7:42  Viking x2  
  80  7:45  SCV x2  
  80  7:46  Marine x3  
  85  7:51  Marine  
  85  7:52  SCV  
  85  7:56  Marine  
  85  7:57  Terran Infantry Weapons Level 1, SCV, Terran Infantry Armor Level 1  
  89  8:00  SCV  
  89  8:04  SCV  
  91  8:08  Marine x2  
  91  8:09  SCV  
  91  8:11  Marine  
  91  8:12  Marine  
  91  8:14  Marine  
  90  8:22  Viking x2  
  90  8:26  SCV x2, Marine x2  
  99  8:29  Marine x2  
  99  8:33  Barracks Reactor  
  100  8:34  Supply Depot, Barracks Reactor, Marine  
  100  8:38  SCV x2  
  100  8:41  Supply Depot  
  103  8:44  Marine x2  
  103  8:48  Marine  
  106  8:52  Marine  
  101  8:56  Marine  
  101  9:02  Marine x2  
  102  9:05  Marine  
  102  9:09  Marine  
  95  9:10  Medivac x2  
  95  9:11  Siege Tank, Marine  
  95  9:12  Marine  
  95  9:13  Marine  
  103  9:17  Marine  
  103  9:18  Marine  
  103  9:20  Marine x2  
  103  9:23  SCV x3, Refinery x2, Marine  
  111  9:25  Barracks  
  111  9:27  Marine  
  111  9:29  Marine x2  
  114  9:31  Marine  
  114  9:35  Marine x2  
  114  9:37  Marine  
  114  9:38  Marine  
  119  9:41  Marine  
  119  9:43  Siege Tank  
  119  9:45  Marine  
  124  9:46  Missile Turret  
  124  9:47  Missile Turret, Marine x2  
  124  9:49  Marine  
  127  9:53  Marine x2  
  127  9:55  Marine x2  
  127  9:58  Supply Depot  
  127  9:59  Marine, Armory  
  132  10:03  Marine  
  133  10:07  Marine x2  
  133  10:08  Marine  
  133  10:09  Medivac x2  
  133  10:11  Marine  
  133  10:19  Supply Depot, Sensor Tower  
  133  10:20  Supply Depot, Marine x2  
  135  10:25  Marine x3  
  135  10:27  Marine x2  
  123  10:28  Marine  
  123  10:29  Marine  
  123  10:35  Siege Tank  
  117  10:38  Combat Shield, Marine x2  
  117  10:39  Barracks Reactor  
  119  10:43  Marine  
  119  10:44  Supply Depot  
  119  10:49  Factory  
  120  10:52  Marine x2  
  120  10:56  Marine x5  
  119  11:02  Marine x2  
  121  11:10  Marine x2  
  118  11:12  Medivac x2  
  118  11:14  Marine x5  
  118  11:15  Siege Tank  
  125  11:29  Marine  
  125  11:30  Marine x4  
  125  11:32  Marine  
  131  11:38  Marine  
  131  11:39  Marine  
  131  11:40  Marine x3  
  130  11:47  Marine  
  130  11:48  Marine x3  
  130  11:52  Factory Tech Lab  
  134  11:54  Marine x2  
  134  11:56  Marine  
  134  11:57  Marine x3  
  130  12:04  Supply Depot  
Show
View Real Time Build Order
Export as new Build Order

Lemon Terran 

Build Orders:  

Get SALT Encoding   

  12  0:00  SCV  
  13  0:12  SCV  
  14  0:17  Supply Depot  
  14  0:24  SCV  
  15  0:38  SCV  
  15  0:39  Barracks  
  16  0:43  Refinery  
  16  0:50  SCV  
  16  0:52  Refinery  
  17  1:02  SCV  
  18  1:15  SCV  
  19  1:26  Reaper  
  19  1:27  Supply Depot, Orbital Command  
  20  1:41  Factory  
  20  1:52  SCV  
  21  1:58  Reaper  
  22  2:04  SCV  
  23  2:16  Command Center  
  23  2:30  Hellion  
  23  2:35  SCV, Reaper  
  26  2:42  Starport  
  26  2:47  SCV  
  26  2:49  Supply Depot  
  27  2:52  Hellion  
  29  3:04  SCV  
  31  3:16  SCV  
  33  3:22  Starport Tech Lab  
  33  3:23  Factory Tech Lab  
  31  3:27  Barracks Reactor  
  31  3:28  SCV  
  31  3:30  Refinery  
  32  3:43  Orbital Command  
  32  3:46  Cyclone  
  32  3:48  SCV  
  32  3:49  Orbital Command  
  33  3:55  Raven  
  33  3:59  Command Center  
  33  4:01  SCV  
  36  4:03  Marine  
  36  4:04  Marine  
  38  4:16  SCV x2  
  40  4:21  Marine  
  40  4:22  Marine  
  40  4:24  Cyclone  
  45  4:28  SCV x2  
  47  4:33  Supply Depot  
  47  4:39  Marine  
  47  4:40  SCV x2, Marine  
  51  4:47  Raven  
  51  4:52  SCV  
  54  4:54  SCV  
  54  4:55  Supply Depot  
  54  4:57  Marine  
  54  4:58  Marine  
  57  5:03  Siege Tank  
  57  5:05  SCV  
  57  5:06  SCV  
  62  5:10  Supply Depot  
  59  5:16  Marine  
  59  5:17  SCV  
  59  5:19  SCV  
  63  5:23  Marine  
  63  5:25  Orbital Command  
  63  5:29  SCV  
  63  5:31  Raven  
  63  5:34  Marine  
  67  5:40  SCV  
  67  5:41  SCV, Marine  
  70  5:43  Refinery, Siege Tank  
  73  5:52  SCV  
  73  5:53  SCV  
  76  5:58  Supply Depot  
  76  5:59  Marine x2, Orbital Command  
  76  6:05  SCV  
  76  6:06  SCV  
  78  6:15  Siege Tank  
  78  6:17  SCV  
  78  6:18  SCV  
  83  6:21  Barracks  
  83  6:24  Barracks  
  83  6:25  Stimpack, Viking x2, Marine  
  88  6:26  SCV  
  83  6:55  Siege Tank, Viking, Marine  
  83  6:56  Viking  
  83  6:58  SCV  
  84  7:01  SCV x2  
  84  7:05  Engineering Bay  
  86  7:10  SCV  
  86  7:12  Barracks Reactor x2  
  86  7:13  SCV  
  76  7:23  Marine  
  76  7:24  SCV x2  
  76  7:26  SCV  
  80  7:30  Engineering Bay  
  80  7:31  Barracks  
  80  7:40  Marine  
  80  7:41  Siege Tank  
  80  7:42  Viking x2  
  82  7:48  SCV x2  
  82  7:49  SCV  
  82  7:50  Terran Infantry Weapons Level 1  
  84  7:57  Barracks  
  84  7:59  Refinery  
  84  8:00  Marine  
  84  8:01  Marine x4  
  84  8:03  SCV x2  
  91  8:16  Medivac x2, Siege Tank  
  91  8:18  Marine  
  91  8:19  SCV x2  
  101  8:23  Supply Depot  
  101  8:24  Terran Infantry Armor Level 1  
  101  8:36  Supply Depot, SCV, Marine x2  
  101  8:37  Refinery  
  101  8:40  Marine x2  
  107  8:42  Barracks Reactor  
  107  8:43  SCV  
  107  8:44  SCV  
  108  8:48  SCV  
  108  8:51  Marine  
  108  8:53  Marine  
  108  8:54  Medivac x2, Siege Tank, Marine x2  
  102  9:06  Marine  
  102  9:07  Marine  
  92  9:11  Marine  
  92  9:12  Marine x2  
  93  9:18  Marine  
  93  9:19  SCV x3  
  93  9:20  Refinery  
  93  9:21  Supply Depot, Combat Shield  
  93  9:22  Supply Depot, Armory  
  93  9:23  Barracks Reactor  
  94  9:24  Marine x3  
  94  9:25  Medivac x2  
  94  9:29  Marine x3  
  104  9:34  Siege Tank  
  104  9:36  Marine  
  106  9:42  Marine x3  
  107  9:46  Marine  
  107  9:47  Marine  
  107  9:49  Marine  
  108  9:54  Marine  
  108  9:55  Viking x2  
  111  10:00  Marine x3  
  111  10:04  Marine  
  111  10:05  Marine  
  116  10:07  Marine  
  116  10:14  Command Center, Marine x2  
  108  10:15  Marine  
  107  10:28  Marine x6  
  87  10:29  Medivac x2, Siege Tank  
  87  10:30  SCV  
  87  10:31  SCV x2, Marine  
  99  10:41  Factory  
  99  10:43  SCV x2, Marine x2  
  99  10:45  Marine  
  99  10:46  Marine  
  99  10:47  SCV  
  106  10:53  Marine  
  106  10:55  SCV x2  
  109  11:00  SCV  
  102  11:06  Marine x8  
  102  11:08  SCV  
  102  11:11  Marine  
  107  11:13  SCV x2  
  107  11:16  Refinery  
  109  11:19  Sensor Tower  
  109  11:20  SCV  
  109  11:25  SCV x2  
  112  11:26  Marine x6  
  112  11:32  SCV  
  118  11:37  Marine x3  
  115  11:44  Marine x6  
  106  11:54  Marine  
  106  11:55  Marine x2  
Tags
 
Add a new tag
Caveats
  • Supply blocks, unpowered buildings, or Contaminate may cause inaccurate times.
  • Supply counts are checked every 10 seconds.